AoeStats
← fechinoo

Lombardia

507971504Analyzed
4v4 RM · 12d ago on Sep 20, 2026· 52m 46s· 8 players
Game mode
Random Map
Map size
Large (8 player)
Population
200
Speed
Normal
Resources
Standard
Victory
Conquest
Starting age
Dark Age
Ending age
Imperial Age
RankedLock teamsTeams togetherTeam positionsShared explorationLock speedFull tech treeHidden civsTurbo modeCheats
Victory
Defeat
🇹🇷 Teutons · Türkiye
1005
+15
🇳🇴 Dravidians · Norway
959
+17
🇨🇳 Lithuanians · China
959
+17
🇨🇿 Italians · Czechia
950
+17
🇧🇷 Byzantines · Brazil
1062
-19
🇧🇷 Dravidians · Brazil
1050
-19
🇧🇷 Koreans · Brazil
959
-16
🇧🇷 Franks · Brazil
856
-12
slvitor
5:06 Loom
12:19 Feudal Age
16:04 Castle Age
14:10 Horse Collar
14:50 Gold Mining
18:17 Double-Bit Axe
19:49 Bow Saw
22:40 Wheelbarrow
25:03 Heavy Plow
26:17 Sanctity
28:58 Herbal Medicine
29:14 Medical Corps
29:07 Stone Mining
30:10 Ballistics
29:43 Fletching
35:11 Imperial Age
32:29 Town Watch
33:45 Bodkin Arrow
34:24 Masonry
34:29 Scale Barding Armor
35:54 Chain Barding Armor
35:55 Husbandry
35:44 Elite Skirmisher
36:30 Thumb Ring
37:01 Conscription
38:13 Two-Man Saw
38:04 Elite Elephant Archer
40:07 Chemistry
39:36 Padded Archer Armor
39:41 Bracer
40:10 Light Cavalry
41:54 Forging
41:45 Padded Archer Armor
41:21 Pikeman
42:02 Squires
42:14 Murder Holes
44:11 Devotion
46:16 Hand Cart
47:43 Leather Archer Armor
48:04 Iron Casting
51:25 Blast Furnace
51:21 Wootz Steel
GrooGrux King
12:08 Feudal Age
11:44 Loom
16:03 Double-Bit Axe
18:37 Horse Collar
21:32 Castle Age
20:39 Gold Mining
20:44 Stone Mining
22:47 Wheelbarrow
23:20 Town Watch
23:34 Fletching
34:45 Hand Cart
46:48 Elite Skirmisher
Fábio
2:33 Loom
11:43 Feudal Age
16:40 Castle Age
14:35 Double-Bit Axe
15:03 Horse Collar
15:16 Gold Mining
16:34 Fletching
18:39 Bow Saw
20:07 Heavy Plow
20:09 Bodkin Arrow
19:49 Elite Skirmisher
20:50 Padded Archer Armor
21:40 Wheelbarrow
23:07 Leather Archer Armor
25:43 Hand Cart
26:03 Thumb Ring
27:33 Scale Mail Armor
28:32 Forging
30:00 Chain Mail Armor
33:11 Imperial Age
31:24 Ballistics
31:02 Pikeman
31:52 Scale Barding Armor
32:22 Iron Casting
34:12 Husbandry
35:33 Chemistry
35:41 Squires
35:27 Arson
35:49 Bracer
36:23 Crop Rotation
36:34 Murder Holes
37:45 Two-Man Saw
36:25 Heavy Camel Rider
38:13 Chain Barding Armor
39:02 Gold Shaft Mining
38:18 Stone Mining
39:43 Ring Archer Armor
39:02 Halberdier
43:55 Plate Mail Armor
44:03 Plate Barding Armor
43:58 Plate Mail Armor
47:13 Conscription
Chico
7:11 Loom
10:19 Feudal Age
11:27 Double-Bit Axe
17:02 Castle Age
16:37 Gold Mining
16:40 Stone Mining
25:25 Scale Barding Armor
25:33 Forging
29:14 Chain Barding Armor
29:30 Iron Casting
31:01 Husbandry
39:12 Squires
38:33 Pikeman
41:56 Scale Mail Armor
50:50 Chain Mail Armor
Zuzujj
10:36 Feudal Age
10:04 Loom
12:17 Horse Collar
15:51 Castle Age
16:03 Double-Bit Axe
18:26 Wheelbarrow
18:02 Fletching
18:12 Padded Archer Armor
25:26 Bloodlines
25:17 Husbandry
24:40 Light Cavalry
28:31 Gold Mining
28:50 Bodkin Arrow
29:52 Bow Saw
29:45 Heavy Plow
32:41 Ballistics
35:58 Imperial Age
34:56 Hand Cart
36:13 Hussar
37:02 Bracer
37:13 Forging
37:08 Scale Barding Armor
37:21 Leather Archer Armor
39:43 Chemistry
40:08 Elite Genoese Crossbowman
42:34 Iron Casting
42:20 Chain Barding Armor
42:30 Ring Archer Armor
44:59 Caravan
47:11 Blast Furnace
46:47 Plate Barding Armor
50:01 Elite Skirmisher
50:47 Thumb Ring
50:19 Elite Skirmisher
ozeton
13:35 Feudal Age
14:00 Horse Collar
14:06 Double-Bit Axe
14:55 Gold Mining
16:23 Bloodlines
19:55 Castle Age
20:13 Forging
20:08 Scale Barding Armor
21:27 Wheelbarrow
20:54 Heavy Plow
21:44 Bow Saw
23:43 Iron Casting
25:37 Hand Cart
26:13 Chain Barding Armor
27:13 Masonry
32:59 Imperial Age
33:17 Cavalier
34:59 Blast Furnace
33:59 Scale Mail Armor
34:37 Plate Barding Armor
34:39 Loom
34:54 Fletching
34:39 Paladin
36:51 Crop Rotation
37:23 Two-Man Saw
36:50 Guilds
37:28 Bodkin Arrow
WolfAtic
6:44 Loom
11:33 Feudal Age
11:56 Horse Collar
12:01 Double-Bit Axe
19:17 Castle Age
17:54 Gold Mining
17:56 Stone Mining
20:18 Bow Saw
20:11 Heavy Plow
24:18 Caravan
25:10 Wheelbarrow
32:25 Imperial Age
30:43 Thumb Ring
30:40 Fletching
30:56 Scale Barding Armor
31:24 Ballistics
31:27 Bodkin Arrow
34:08 Two-Man Saw
33:31 Bracer
33:52 Chain Barding Armor
33:57 Conscription
34:56 Elite Elephant Archer
35:47 Medical Corps
36:13 Wootz Steel
37:13 Chemistry
37:06 Hand Cart
38:47 Forging
38:38 Scale Mail Armor
39:58 Masonry
40:27 Hoardings
fechinoo
8:01 Loom
11:57 Feudal Age
13:05 Double-Bit Axe
17:10 Castle Age
14:54 Horse Collar
18:19 Loom
19:18 Heavy Plow
20:07 Gold Mining
21:59 Scale Barding Armor
24:52 Wheelbarrow
24:56 Bow Saw
25:21 Bloodlines
25:11 Husbandry
25:52 Forging
26:33 Chain Barding Armor
30:06 Iron Casting
31:10 Husbandry
31:27 Stone Mining
33:19 Hand Cart
33:48 Stone Shaft Mining
37:36 Imperial Age
38:40 Conscription
38:57 Plate Barding Armor
38:26 Herbal Medicine
39:10 Crop Rotation
39:41 Two-Man Saw
38:09 Elite Leitis
38:46 Cavalier
40:00 Town Watch
40:12 Paladin
40:51 Pikeman
41:31 Squires
41:16 Arson
43:06 Caravan
43:17 Guilds
43:37 Coinage
49:28 Scale Mail Armor
49:18 Fletching
49:22 Treadmill Crane
50:42 Chemistry
49:40 Murder Holes
49:56 Masonry
49:57 Fortified Wall
50:19 Light Cavalry
Connection lost

Rejoining the realm…

Still unreachable

The connection could not be restored.

Session expired

The server has moved on; the page needs a fresh start.